 Dungeon Crawl Stone Soup version 0.23.0-3-gf3c87f2 (webtiles) character file.

Game seed: 1513162943480469704

38461 Hoppit the Blocker (level 14, -12/97 HPs)
             Began as a Halfling Hunter on Feb 22, 2019.
             Was a High Priest of Dithmenos.
             Killed from afar by a deep elf mage (33 damage)
             ... with a bolt of cold
             ... on level 15 of the Dungeon.
             The game lasted 00:59:01 (21060 turns).

Hoppit the Blocker (Halfling Hunter)               Turns: 21060, Time: 00:59:02

Health: -12/97     AC: 21    Str: 17    XL:     14   Next: 34%
Magic:  5/17       EV: 12    Int:  9    God:    Dithmenos [*****.]
Gold:   665        SH: 14    Dex: 16    Spells: 13/13 levels left

rFire    . . .     SeeInvis .   L - +11 falchion "Ytupaonk" {drain, rN+}
rCold    . . .     Gourm    .   E - +0 shield
rNeg     + . .     Faith    .   l - +0 plate armour
rPois    .         Spirit   .   (no helmet)
rElec    .         Reflect  .   t - +1 cloak
rCorr    .         Harm     .   M - +0 pair of gloves
MR       +....                  (no boots)
Stlth    ..........             q - amulet of magic regeneration
HPRegen  0.26/turn              R - +3 ring of evasion
MPRegen  0.40/turn              G - +3 ring of protection

@: wreathed by umbra
A: small, mutation resistance 1, MP-powered wands
a: Shadow Step, Shadow Form, Renounce Religion


You were on level 15 of the Dungeon.
You worshipped Dithmenos.
Dithmenos was extremely pleased with you.
You were not hungry.

You visited 1 branch of the dungeon, and saw 15 of its levels.

You collected 793 gold pieces.
You spent 128 gold pieces at shops.

Inventory:

Hand Weapons
 a - a +1 spear of venom
 b - a +1 hunting sling of freezing
 L - the +11 falchion "Ytupaonk" (weapon) {drain, rN+}
   (You found it on level 12 of the Dungeon)

   A truly terrible weapon, it drains the life of those it strikes.
   It protects you from negative energy.
 W - a +4 scimitar
Missiles
 d - 78 sling bullets
 g - 307 stones
 z - 4 throwing nets (quivered)
Armour
 l - a +0 plate armour (worn)
 t - a +1 cloak (worn)
 E - a +0 shield (worn)
 M - a +0 pair of gloves (worn)
Jewellery
 q - an amulet of magic regeneration (around neck)
 G - a +3 ring of protection (right hand)
 R - a +3 ring of evasion (left hand)
Wands
 n - a wand of scattershot (5)
 H - a wand of flame (66)
 J - a wand of clouds (2)
 K - a wand of random effects (28)
 N - a wand of iceblast (5)
 P - a wand of digging (4)
 Q - a wand of paralysis (10)
 V - a wand of enslavement (9)
Scrolls
 e - 11 scrolls of remove curse
 j - a scroll of acquirement {unknown}
 u - 4 scrolls of fog
 v - 3 scrolls of teleportation
 B - 2 scrolls of noise {unknown}
 S - 2 scrolls of magic mapping {unknown}
 T - 2 scrolls of fear {unknown}
 U - a scroll of enchant weapon {unknown}
 X - a scroll of blinking {unknown}
 Z - a scroll of torment {unknown}
Potions
 c - 2 potions of berserk rage
 h - 4 potions of lignification
 i - 2 potions of curing
 k - 3 potions of agility
 m - 5 potions of brilliance
 r - 3 potions of flight
 s - a potion of invisibility
 A - a potion of might
 C - 2 potions of haste
 F - a potion of cancellation
 O - a potion of magic
Comestibles
 f - 26 rations


   Skills:
 + Level 9.0 Fighting
   Level 1.4(5.8) Short Blades
 + Level 7.5(7.6) Long Blades
 + Level 7.9 Polearms
 - Level 12.0 Slings
 + Level 10.8 Armour
 - Level 3.5 Dodging
 - Level 1.1 Stealth
 * Level 13.6 Shields
 * Level 4.8 Invocations
 + Level 0.5 Evocations


You had 13 spell levels left.
You didn't know any spells.
Your spell library contained the following spells:

 Spells                   Type           Power        Failure   Level  Hunger
 Animate Skeleton         Necr           N/A          100%        1    ##.....
 Infusion                 Chrm           #...         100%        1    ##.....
 Pain                     Necr           #...         100%        1    ##.....
 Summon Small Mammal      Summ           #...         100%        1    ##.....
 Call Imp                 Summ           #.......     100%        2    ###....
 Shroud of Golubria       Chrm/Tloc      #.........   100%        2    ###....
 Song of Slaying          Chrm           #.......     100%        2    ###....
 Call Canine Familiar     Summ           #.......     100%        3    ####...
 Regeneration             Chrm/Necr      #.........   100%        3    ####...
 Spectral Weapon          Hex/Chrm       #.......     100%        3    ####...
 Summon Guardian Golem    Hex/Summ       #.......     100%        3    ####...
 Vampiric Draining        Necr           #.........   100%        3    ####...
 Animate Dead             Necr           N/A          100%        4    #####..
 Summon Ice Beast         Ice/Summ       #.......     100%        4    #####..
 Summon Lightning Spire   Summ/Air       #.......     100%        4    #####..


Dungeon Overview and Level Annotations

Branches:
Dungeon (15/15)            Temple (0/1) D:4            Lair (0/6) D:8
    Orc (0/2) D:10         Vaults (0/5) D:14
 Depths: D:15

Altars:
Dithmenos
Gozag
Hepliaklqana
Kikubaaqudgha
Makhleb
Vehumet
Yredelemnul
Zin

Shops:
D:6 }   D:7 !   D:9 *   D:11 *

Annotations:
D:3 exclusion: downstairs
D:5 exclusion: downstairs
D:6 1 runed translucent door, Crazy Yiuf
D:11 3 runed translucent doors, DungeonDestroyer's ghost, journeyman MiFi
D:12 1 runed translucent door, exclusion: downstairs
D:13 2 runed translucent doors
D:14 exclusion: downstairs


Innate Abilities, Weirdness & Mutations

You are small and have problems with some larger weapons.
You are somewhat resistant to further mutation.
You expend magic power (3 MP) to strengthen your wands.


Message History

A deep elf mage comes into view. It is wielding a +0 rapier.
You slash the fire dragon! You drain the fire dragon.
The fire dragon is almost dead.
You block the fire dragon's attack. The fire dragon claws you.
The fire dragon barely misses you. The orc warrior closely misses you.
You hit the fire dragon.
The fire dragon is almost dead.
The deep elf mage gestures at you while chanting.
The bolt of cold hits you!!
* * * LOW HITPOINT WARNING * * *
The fire dragon barely misses you.
You riposte.
You hit the fire dragon. You drain the fire dragon.
The fire dragon is almost dead.
The fire dragon claws you but does no damage.
You block the fire dragon's attack. You block the orc warrior's attack.
Your plate armour prevents you from hitting the fire dragon.
The fire dragon is almost dead.
The deep elf mage points at you and mumbles some strange words.
The bolt of cold hits you!!
You die...

.........#### #......#
#.#......# #......# .$#
#........# #####....## .$#
#........###......### .$#
.................... #D.
...#########.....e# ..
#....†....##......# ### §#
....##....##......###§##§#
###.##..........@D..§§§§§#
...#...........o###§8§§#
...#......#..........§§§##
..................##..§##
.....#.....#......##..##
.<...#.....#########.##
###.......## #o
..........#### #.
..............


You could see a fire dragon, a deep elf mage and an orc warrior.

Vanquished Creatures
  Rupert (D:13)
  Snorg (D:12)
  A hydra (D:13)
  A catoblepas (D:13)
  5 centaur warriors
  2 dancing weapons (D:14)
  6 two-headed ogres
  2 unseen horrors
  16 ugly things
  4 cyclopes
  A manticore (D:14)
  2 centaur zombies (D:15)
  Joseph (D:8)
  3 gargoyles
  A kobold demonologist (D:11)
  A komodo dragon (D:8)
  3 trolls
  A merfolk (D:9)
  A hornet (D:10)
  Grinder (D:6)
  2 hippogriffs (D:10)
  A meliai zombie (D:13)
  3 slime creatures (D:15)
  A vampire (D:9)
  6 yaks (D:11)
  A wraith (D:12)
  2 wyverns
  Grum (D:8)
  A hog (shapeshifter) (D:10)
  2 hungry ghosts
  5 orc warriors
  2 black bears
  2 ice beasts
  An eye of draining (D:13)
  3 sky beasts
  4 phantoms
  3 necrophages
  7 ogres
  20 centaurs
  4 wolves (D:8)
  A big kobold (D:8)
  14 bullfrogs
  A gnoll sergeant (D:9)
  8 scorpions
  18 killer bees
  13 wights
  5 howler monkeys
  5 crimson imps
  5 hounds
  A quasit (D:8)
  2 bullfrog skeletons
  6 centaur skeletons
  2 jellies
  8 orc priests
  3 iguanas
  8 orc wizards
  12 worker ants
  4 hound skeletons
  A worker ant zombie (D:11)
  12 adders
  16 gnolls
  7 shadow imps
  2 oozes (D:1)
  An adder skeleton (D:5)
  4 worms
  2 dart slugs
  10 leopard geckos
  55 orcs
  8 bats
  11 giant cockroaches
  6 goblins
  7 hobgoblins
  9 jackals
  5 quokkas
  6 ball pythons
  6 frilled lizards
  2 gnoll zombies (D:2)
  A jackal zombie (D:6)
  16 kobolds
  A leopard gecko zombie (D:7)
  A quokka zombie (D:6)
  13 rats
  A butterfly (D:12)
  A plant (D:8)
445 creatures vanquished.

Vanquished Creatures (others)
  An air elemental (D:13)
  A water elemental (D:13)
  A human (D:6)
  A centaur (D:13)
  An orc (D:3)
  A goblin (D:3)
  2 plants (D:8)
8 creatures vanquished.

Grand Total: 453 creatures vanquished

Notes
Turn   | Place    | Note
-------+----------+-------------------------------------------
     0 | D:1      | Hoppit the Halfling Hunter began the quest for the Orb.
     0 | D:1      | Reached XP level 1. HP: 14/14 MP: 1/1
    57 | D:1      | Reached XP level 2. HP: 8/19 MP: 2/2
   554 | D:1      | Reached skill level 1 in Short Blades
   554 | D:1      | Reached XP level 3. HP: 18/24 MP: 3/3
   881 | D:1      | Reached skill level 1 in Armour
  1297 | D:2      | Reached XP level 4. HP: 29/29 MP: 4/4
  1504 | D:2      | Found a basalt altar of Yredelemnul.
  2082 | D:3      | Reached skill level 1 in Polearms
  2082 | D:3      | Reached XP level 5. HP: 15/34 MP: 5/5
  2704 | D:3      | Found a radiant altar of Vehumet.
  3215 | D:4      | Reached XP level 6. HP: 39/39 MP: 6/6
  3566 | D:4      | Found a shadowy altar of Dithmenos.
  3604 | D:4      | Became a worshipper of Dithmenos the Shadowed
  3631 | D:4      | Reached XP level 7. HP: 45/45 MP: 7/7
  3832 | D:4      | Reached skill level 10 in Slings
  3854 | D:4      | Found a staircase to the Ecumenical Temple.
  4261 | D:4      | Reached XP level 8. HP: 52/52 MP: 8/8
  4680 | D:5      | Entered Level 5 of the Dungeon
  5186 | D:5      | Reached * piety under Dithmenos
  5710 | D:5      | Found a burning altar of Makhleb.
  6465 | D:6      | Reached XP level 9. HP: 42/59 MP: 9/9
  6647 | D:6      | Reached skill level 5 in Fighting
  6760 | D:6      | Noticed Grinder
  6767 | D:6      | Killed Grinder
  6767 | D:6      | Reached skill level 5 in Armour
  6767 | D:6      | Reached skill level 2 in Shields
  7062 | D:6      | Reached skill level 3 in Shields
  7448 | D:6      | Found a runed translucent door.
  7449 | D:6      | Noticed Crazy Yiuf
  7579 | D:6      | Found Fuajixys's Gadget Shoppe.
  7781 | D:6      | Found an ancient bone altar of Kikubaaqudgha.
  8178 | D:7      | Reached ** piety under Dithmenos
  8332 | D:7      | Reached skill level 4 in Shields
  8478 | D:7      | Found Naleogiado's Distillery.
  8768 | D:7      | You fall through a shaft!
  8768 | D:8      | Noticed a two-headed ogre
  8857 | D:8      | Reached XP level 10. HP: 54/67 MP: 10/10
  8952 | D:8      | Reached skill level 5 in Shields
  8953 | D:8      | Noticed a two-headed ogre
  8965 | D:8      | Killed a two-headed ogre
  8965 | D:8      | Reached skill level 6 in Shields
  9220 | D:8      | Found a staircase to the Lair.
  9220 | D:8      | Noticed a komodo dragon
  9271 | D:8      | Killed a komodo dragon
  9470 | D:8      | Noticed Grum
  9491 | D:8      | Killed Grum
  9510 | D:8      | HP: 3/69 [wolf[Grum] (3)]
  9513 | D:8      | HP: 1/69 [wolf[Grum] (3)]
  9928 | D:8      | Found a hazy altar of Hepliaklqana.
  9974 | D:8      | Noticed Joseph
 10000 | D:8      | Killed Joseph
 10000 | D:8      | Reached skill level 7 in Shields
 10065 | D:7      | Reached *** piety under Dithmenos
 10325 | D:8      | Killed a two-headed ogre
 10325 | D:8      | Reached skill level 5 in Polearms
 10325 | D:8      | Reached XP level 11. HP: 46/74 MP: 11/11
 10579 | D:9      | Noticed a two-headed ogre
 10605 | D:8      | Killed a two-headed ogre
 10605 | D:8      | Reached skill level 8 in Shields
 11707 | D:9      | Reached **** piety under Dithmenos
 11738 | D:9      | Found a glowing silver altar of Zin.
 11977 | D:9      | Found Xirosiaf's Assorted Antiques.
 11980 | D:9      | Bought a fuming brown potion for 24 gold pieces
 12027 | D:9      | Reached skill level 9 in Shields
 12467 | D:7      | Bought a potion of mutation for 104 gold pieces
 12467 | D:7      | Gained mutation: You are partially covered in slimy green
                  | scales. (AC +2) [potion of mutation]
 12468 | D:7      | Lost mutation: You are partially covered in slimy green
                  | scales. (AC +2) [potion of mutation]
 12468 | D:7      | Gained mutation: You expend magic power (3 MP) to
                  | strengthen your wands. [potion of mutation]
 12532 | D:10     | Entered Level 10 of the Dungeon
 12663 | D:10     | Found a staircase to the Orcish Mines.
 12820 | D:10     | Killed an unseen horror
 13044 | D:10     | Reached XP level 12. HP: 64/79 MP: 12/12
 13386 | D:10     | Reached skill level 10 in Shields
 13435 | D:10     | Noticed a centaur warrior
 13458 | D:10     | Killed a centaur warrior
 13580 | D:10     | Reached ***** piety under Dithmenos
 14016 | D:11     | Found a runed translucent gate.
 14016 | D:11     | Found a runed translucent gate.
 14016 | D:11     | Found a runed translucent gate.
 14017 | D:11     | Found an opulent altar of Gozag.
 14017 | D:11     | Found Dixtucy's Assorted Antiques.
 14017 | D:11     | Noticed a yaktaur captain
 14017 | D:11     | Noticed a flayed ghost
 14017 | D:11     | Noticed DungeonDestroyer's ghost (journeyman MiFi)
 14580 | D:11     | Killed an unseen horror
 14837 | D:11     | Reached skill level 11 in Shields
 15313 | D:12     | Noticed Snorg
 15320 | D:12     | Killed Snorg
 15453 | D:12     | Got a dazzling falchion
 15454 | D:12     | Identified the +11 falchion "Ytupaonk" {drain, rN+} (You
                  | found it on level 12 of the Dungeon)
 15465 | D:12     | Found a runed translucent door.
 15474 | D:12     | Found a runed translucent door.
 15771 | D:12     | HP: 3/80 [cyclops (15)]
 15777 | D:12     | Reached skill level 1 in Long Blades
 16358 | D:13     | Found a large runed translucent door.
 16358 | D:13     | Found a large runed translucent door.
 16360 | D:13     | Noticed a two-headed ogre
 16362 | D:13     | Noticed Rupert
 16368 | D:13     | Noticed a catoblepas
 16376 | D:12     | Killed a two-headed ogre
 16376 | D:12     | Reached XP level 13. HP: 62/88 MP: 13/13
 16529 | D:13     | Noticed a centaur warrior
 16545 | D:13     | HP: 2/88 [centaur warrior (7)]
 16549 | D:13     | Killed a centaur warrior
 16852 | D:13     | Noticed a centaur warrior
 16859 | D:13     | Killed a centaur warrior
 16859 | D:13     | Reached skill level 12 in Shields
 16877 | D:13     | Noticed a five-headed hydra
 16893 | D:13     | Killed a five-headed hydra
 17154 | D:13     | Reached skill level 10 in Armour
 17220 | D:13     | Noticed a catoblepas
 17679 | D:13     | Found a shadowy altar of Dithmenos.
 17720 | D:13     | Killed a catoblepas
 17720 | D:13     | Reached skill level 1 in Invocations
 18031 | D:13     | Killed Rupert
 18034 | D:13     | Reached skill level 5 in Long Blades
 18887 | D:13     | Noticed a centaur warrior
 19463 | D:14     | Reached skill level 13 in Shields
 19721 | D:14     | Noticed a centaur warrior
 19729 | D:14     | Killed a centaur warrior
 20121 | D:14     | Found a gate to the Vaults.
 20133 | D:14     | Reached XP level 14. HP: 41/95 MP: 16/16
 20459 | D:15     | Entered Level 15 of the Dungeon
 21060 | D:15     | Killed from afar by a deep elf mage

Skill      XL: |  1  2  3  4  5  6  7  8  9 10 11 12 13 14 |
---------------+-------------------------------------------+-----
Slings         | 6 7 8 10 12 | 12.0
Short Blades   | 1 |  1.4
Armour         | 1 2 4 6 7 8 9 10 | 10.8
Fighting       | 2 3 4 5 6 7 8 9 |  9.0
Dodging        | 3 |  3.5
Polearms       | 1 3 5 6 7 |  7.9
Shields        | 4 7 9 11 13 | 13.6
Long Blades    | 2 6 7 |  7.5
Invocations    | 3 4 |  4.8
Stealth        | |  1.1
Evocations     | |  0.5

Action                   |  1- 3 |  4- 6 |  7- 9 | 10-12 | 13-15 || total
-------------------------+-------+-------+-------+-------+-------++-------
Melee: Short sword       |   115 |       |       |       |       ||   115
       Spear             |    30 |    38 |    65 |   938 |       ||  1071
       Falchion          |       |       |       |    82 |   387 ||   469
 Fire: Hunting sling     |       |   188 |   455 |   248 |    36 ||   927
Throw: Throwing net      |       |       |       |     1 |       ||     1
Evoke: Wand              |       |       |       |     7 |     7 ||    14
  Use: Scroll            |       |       |    11 |     8 |     2 ||    21
       Potion            |       |       |       |     6 |     1 ||     7
 Stab: Sleeping          |     9 |     2 |       |       |       ||    11
       Distracted        |       |     1 |       |       |       ||     1
       Confused          |       |       |       |     3 |       ||     3
       Held in net/web   |       |       |       |     3 |       ||     3
       Petrified         |       |       |       |       |     7 ||     7
  Eat: Chunk             |     1 |     7 |    18 |    24 |     8 ||    58
       Ration            |       |       |       |       |     3 ||     3
Armor: Leather armour    |    33 |     5 |       |       |       ||    38
       Scale mail        |       |    20 |    10 |       |       ||    30
       Chain mail        |       |       |    33 |       |       ||    33
       Plate armour      |       |       |    52 |   462 |   208 ||   722
Dodge: Dodged            |   115 |    62 |    60 |   227 |   171 ||   635
Block: Shield            |       |       |    49 |   537 |   261 ||   847
       Rpst.: Falchion   |       |       |       |     5 |    50 ||    55
